 Dungeon Crawl Stone Soup version 0.24.1-14-gf8d2b50 (webtiles) character file.

Game seed: 4135487530026377349, levelgen mode: deterministic

5208 shmeve the Fighter (level 10, -6/94 HPs)
             Began as a Minotaur Berserker on June 14, 2020.
             Was an Elder of Trog.
             Mangled by a yak (9 damage)
             ... on level 10 of the Dungeon.
             The game lasted 00:11:56 (5927 turns).

shmeve the Fighter (Minotaur Berserker)             Turns: 5927, Time: 00:11:57

Health: -6/94      AC:  9    Str: 24    XL:     10   Next: 35%
Magic:  9/9        EV:  9    Int:  5    God:    Trog [****..]
Gold:   302        SH:  0    Dex: 10    Spells: 9/9 levels left

rFire    . . .     SeeInvis .   a - +0 hand axe
rCold    . . .     Gourm    .   (no shield)
rNeg     + . .     Faith    .   D - +0 plate armour
rPois    .         Spirit   .   (helmet restricted)
rElec    .         Reflect  .   (no cloak)
rCorr    .         Harm     .   (no gloves)
MR       ++...                  (no boots)
Stlth    ..........             (no amulet)
HPRegen  1.25/turn              e - ring of positive energy
MPRegen  0.11/turn              (no ring)

@: corroded, berserk cooldown, regenerating, slowed, very slow
A: retaliatory headbutt, horns 2
a: Berserk, Trog's Hand, Brothers in Arms, Renounce Religion


You were on level 10 of the Dungeon.
You worshipped Trog.
Trog was greatly pleased with you.
You were near starving.

You visited 1 branch of the dungeon, and saw 8 of its levels.

You collected 302 gold pieces.

Inventory:

Hand Weapons
 a - a +0 hand axe (weapon)
Missiles
 f - 8 silver boomerangs
 h - 3 boomerangs (quivered)
 B - 9 javelins
Armour
 D - a +0 plate armour (worn)
Jewellery
 e - a ring of positive energy (left hand)
Wands
 g - a wand of disintegration (16)
 p - a wand of flame (32)
Scrolls
 b - 2 scrolls of enchant armour
 d - 2 scrolls of identify
 l - a scroll of random uselessness {unknown}
 m - a scroll of amnesia {unknown}
 o - a scroll of noise {unknown}
 q - a scroll of fear
 t - a scroll of holy word {unknown}
 u - 2 scrolls of remove curse
 w - 3 scrolls of teleportation {unknown}
 y - 2 scrolls of immolation {unknown}
 C - a scroll of enchant weapon {unknown}
Potions
 i - a potion of resistance {unknown}
 j - a potion of invisibility {unknown}
 k - 4 potions of heal wounds {unknown}
 n - 2 potions of curing {unknown}
 s - a potion of lignification {unknown}
 v - a potion of haste
 x - 2 potions of brilliance {unknown}
 z - a potion of magic {unknown}
Comestibles
 c - 13 rations


   Skills:
 * Level 10.5 Fighting
 * Level 10.4 Axes
 + Level 5.7 Throwing
 + Level 7.3 Armour
 + Level 6.6 Dodging


You had 9 spell levels left.
You didn't know any spells.
Your spell library was empty.

Dungeon Overview and Level Annotations

Branches:
Dungeon (10/15)            Temple (0/1) D:7            Lair (0/6) D:8
    Orc: D:9-12

Altars:
Cheibriados
Fedhas
Trog
Xom

Annotations:
D:8 2 transporters, Icepheonix32's ghost, novice TeAE


Innate Abilities, Weirdness & Mutations

You reflexively headbutt those who attack you in melee.
You have a pair of horns on your head.


Message History

You hit the yak but do no damage. You hit the yak. You slash the yak!
The yak gores you but does no damage. x2; The yak misses you.
You furiously retaliate!
You headbutt the yak.
Unknown command.
You slash the yak! You headbutt the yak!
The yak is almost dead.
You hit the yak but do no damage. You hit the yak.
You are no longer berserk.
You are exhausted.
You feel yourself slow down. The yak gores you but does no damage.
The yak gores you.
* * * LOW HITPOINT WARNING * * *
You hit the yak but do no damage.
The yak is almost dead.
You hit the yak but do no damage. x2; The yak gores you.
* * * LOW HITPOINT WARNING * * *
The yak gores you but does no damage. The yak gores you.
* * * LOW HITPOINT WARNING * * *
The yak gores you!
You die...

#.....# #.....#
#.....#######
#............
#.........?..
#............
#...YY.......
#..†@Y.# #......#
#..$..>+ #......#
#......#
#...#..###########
#...#....#........
#...#....'........
#...#....#........


You could see 3 yaks.

Vanquished Creatures
  Erica (D:8)
  A troll (D:10)
  Prince Ribbit (D:8)
  2 hippogriffs
  A spriggan (D:8)
  4 yaks
  Grum (D:9)
  A hungry ghost (D:8)
  A basilisk (D:8)
  A black bear (D:9)
  3 orc warriors
  An ice beast (D:10)
  2 ogres (D:7)
  A phantom (D:7)
  2 centaurs
  3 wolves (D:9)
  A crocodile (D:8)
  3 bullfrogs
  2 wyvern skeletons
  2 scorpions (D:9)
  5 wights (D:7)
  2 howler monkeys (D:7)
  A centaur zombie (D:8)
  A crimson imp (D:8)
  2 jellies
  4 hounds
  6 orc wizards
  4 orc priests
  A bullfrog skeleton (D:10)
  Ijyb (D:3)
  2 worker ants
  3 worker ant zombies
  4 adders
  An ooze (D:3)
  2 worms (D:2)
  A dart slug (D:3)
  3 leopard geckos
  20 orcs
  11 bats
  3 giant cockroaches
  10 goblins
  11 hobgoblins
  6 jackals
  A quokka (D:3)
  2 ball pythons
  5 frilled lizards
  9 kobolds
  A quokka skeleton (D:8)
  11 rats
167 creatures vanquished.

Notes
Turn   | Place    | Note
-------+----------+-------------------------------------------
     0 | D:1      | shmeve the Minotaur Berserker began the quest for the Orb.
     0 | D:1      | Reached XP level 1. HP: 19/19 MP: 0/0
   261 | D:1      | Reached XP level 2. HP: 25/27 MP: 1/1
   765 | D:2      | Reached ** piety under Trog
   765 | D:2      | Reached XP level 3. HP: 33/33 MP: 2/2
  1114 | D:2      | Found a faded altar of an unknown god.
  1229 | D:2      | Found a shimmering altar of Xom.
  1389 | D:2      | Reached skill level 1 in Throwing
  1728 | D:3      | Reached XP level 4. HP: 41/41 MP: 3/3
  2003 | D:3      | Found a bloodstained altar of Trog.
  2134 | D:3      | Noticed Ijyb
  2149 | D:3      | Killed Ijyb
  2207 | D:3      | Reached *** piety under Trog
  2510 | D:4      | You fall into a shaft and drop 3 floors!
  2519 | D:7      | Noticed a bullfrog
  2521 | D:7      | Noticed an ogre
  2524 | D:7      | Killed a bullfrog
  2524 | D:7      | Reached skill level 5 in Fighting
  2524 | D:7      | Reached skill level 5 in Axes
  2524 | D:7      | Reached XP level 5. HP: 48/48 MP: 4/4
  2532 | D:7      | Reached XP level 6. HP: 45/56 MP: 5/5
  2826 | D:7      | Reached XP level 7. HP: 56/63 MP: 6/6
  2845 | D:7      | Found a staircase to the Ecumenical Temple.
  3693 | D:8      | Noticed a basilisk
  3694 | D:8      | Noticed a hippogriff
  3694 | D:8      | Noticed a yak
  3695 | D:8      | Found a staircase to the Lair.
  3704 | D:8      | Reached XP level 8. HP: 42/73 MP: 7/7
  3707 | D:8      | Killed a hippogriff
  3707 | D:8      | Reached skill level 5 in Armour
  4010 | D:8      | Reached **** piety under Trog
  4025 | D:8      | Noticed Erica
  4048 | D:8      | Killed Erica
  4048 | D:8      | Reached skill level 5 in Dodging
  4048 | D:8      | Reached XP level 9. HP: 48/82 MP: 8/8
  4367 | D:8      | Noticed Prince Ribbit
  4466 | D:8      | Found a blossoming altar of Fedhas.
  4508 | D:8      | Killed Prince Ribbit
  4570 | D:8      | Reached skill level 5 in Throwing
  4593 | D:8      | Found a transporter.
  4596 | D:8      | Noticed Icepheonix32's ghost (novice TeAE)
  4598 | D:8      | Noticed a moth of wrath
  4623 | D:8      | Found a transporter.
  4805 | D:9      | Received a gift from Trog
  5109 | D:9      | Found a snail-covered altar of Cheibriados.
  5110 | D:9      | Noticed Grum
  5122 | D:9      | Killed Grum
  5122 | D:9      | Reached XP level 10. HP: 93/93 MP: 9/9
  5127 | D:9      | Reached skill level 10 in Fighting
  5127 | D:9      | Reached skill level 10 in Axes
  5251 | D:9      | Found Xin Adwu's Jewellery Shoppe.
  5519 | D:9      | Got a crude cloak
  5525 | D:9      | Identified the cursed -4 cloak "Merogh" {rF+} (You found it
                  | on level 9 of the Dungeon)
  5558 | D:10     | Entered Level 10 of the Dungeon
  5923 | D:10     | HP: 6/141 [yak (2)]
  5927 | D:10     | Mangled by a yak

Levels and vault maps discovered:
D:1:      dpeg_arrival_simpleton_a, layout_basic
D:2:      layout_basic, xom_teletrap_fun,
          chequers_ecumenical_altar_simple_redux, first_ration
D:3:      layout_rooms, overflow_temple_1_default, minmay_goblin_outpost,
          uniq_ijyb
D:4:      layout_basic, old_standard_altar, eat_drink_and_be_merry_uskayaw
D:7:      layout_basic, minmay_temple_entry_glass
D:8:      layout_rooms, kennysheep_little_box, david_lair_generic,
          gammafunk_ghost_berserking_beasts, the_bakery, uniq_erica,
          uniq_prince_ribbit1
D:9:      layout_rooms, overflow_temple_1_default, serial_shops, shop_statue,
          uniq_grum
D:10:     layout_grid_maze, basic_altar

Skill      XL: |  1  2  3  4  5  6  7  8  9 10 |
---------------+-------------------------------+-----
Axes           | 4 5 6 7 8 9 10 | 10.4
Fighting       | 4 5 6 7 8 9 10 | 10.5
Armour         | 3 4 6 7 |  7.3
Throwing       | 1 2 3 4 5 |  5.7
Dodging        | 3 4 5 6 |  6.6

Action                   |  1- 3 |  4- 6 |  7- 9 | 10-12 || total
-------------------------+-------+-------+-------+-------++-------
Melee: Hand axe          |    69 |    97 |   203 |    57 ||   426
       Headbutt          |    15 |    15 |    43 |    12 ||    85
Throw: Boomerang         |     4 |     8 |    17 |       ||    29
Invok: Berserk           |     1 |     1 |     7 |     2 ||    11
       Trog's Hand       |       |       |     3 |     1 ||     4
  Use: Scroll            |       |     2 |     3 |     1 ||     6
  Eat: Chunk             |     3 |     5 |    14 |     3 ||    25
       Ration            |       |       |     1 |       ||     1
Armor: Scale mail        |    38 |    43 |    42 |       ||   123
       Animal skin       |     1 |       |       |       ||     1
       Plate armour      |       |       |    62 |    28 ||    90
Dodge: Dodged            |    53 |    50 |   114 |    35 ||   252
